 Dungeon Crawl Stone Soup version 0.29-a0-780-g652cadfb38 (webtiles) character file.

Game seed: 1867474604442294031

1665 Garessta the Scratcher (level 8, -7/36 HPs)
             Began as a Felid Transmuter on July 2, 2022.
             Was a Believer of Nemelex Xobeh.
             Mangled by a gnoll sergeant
             ... wielding a +0 spear
              (11 damage)
             ... on level 7 of the Dungeon.
             The game lasted 00:31:10 (8279 turns).

Garessta the Scratcher (Felid Transmuter)           Turns: 8279, Time: 00:31:10

Health: -7/36      AC:  2    Str: 14    XL:     8   Next: 69%
Magic:  10/12      EV: 24    Int: 15    God:    Nemelex Xobeh [**....]
Gold:   395        SH:  0    Dex: 21    Spells: 1/11 levels left
                                        Lives:  0   Deaths: 2

rFire   . . .      SeeInvis +     - Unarmed
rCold   . . .      Faith    .   (shield unavailable)
rNeg    . . .      Spirit   .   (body armour unavailable)
rPois   x          Reflect  .   (helmet unavailable)
rElec   .          Harm     .   (cloak unavailable)
rCorr   .          Rampage  .   (gloves unavailable)
Will    +....                   (boots unavailable)
Stlth   ++........              t - amulet of regeneration
HPRegen 0.92/turn               k - +6 ring of strength
MPRegen 0.13/turn               m - +4 ring of evasion

@: spider-form
A: venomous fangs, tiny, (claws 1), (fangs 3), see invisible, (speed 1), (shaggy
fur 2), (stealthy paws), no weapons or thrown items, no armour, multi-lived
a: End Transformation, Renounce Religion, Draw Escape, Draw Destruction, Draw
Summoning


You were on level 7 of the Dungeon.
You worshipped Nemelex Xobeh.
Nemelex Xobeh was pleased with you.
You were a venomous arachnid creature.
You visited 2 branches of the dungeon, and saw 9 of its levels.
You also visited: Sewer.

You collected 395 gold pieces.

Inventory:

Jewellery
 d - a ring of protection from cold
 h - an amulet of magic regeneration
 i - a ring of magical power
 k - a +6 ring of strength (left front leg)
 m - a +4 ring of evasion (right front leg)
 t - an amulet of regeneration (around neck)
Wands
 u - a wand of charming (10)
 x - a wand of flame (4)
Scrolls
 c - 2 scrolls of teleportation
 n - a scroll of brand weapon {unknown}
 q - a scroll of silence {unknown}
 v - a scroll of fog {unknown}
 w - 2 scrolls of immolation
Potions
 a - 2 potions of lignification
 b - 2 potions of curing
 f - a potion of invisibility
 g - a potion of heal wounds
 j - a potion of haste
 o - a potion of cancellation
 p - a potion of magic
 r - 4 potions of mutation
 s - a potion of brilliance
 z - 2 potions of flight


   Skills:
 + Level 4.7 Fighting
 - Level 2.6 Dodging
 - Level 0.8 Stealth
 * Level 7.3 Unarmed Combat
 - Level 2.3 Spellcasting
 + Level 6.4 Transmutations
 + Level 3.2 Ice Magic
 + Level 4.5 Poison Magic
 + Level 4.1 Invocations


You had one spell level left.
You knew the following spells:

 Your Spells              Type           Power      Damage    Failure   Level
a - Beastly Appendage     Tmut           42%        N/A       7%          1
b - Wereblood             Tmut           21%        N/A       9%          2
i - Ice Form              Ice/Tmut       16%        N/A       50%         4
s - Spider Form           Tmut/Pois      18%        N/A       19%         3

Your spell library contained the following spells:

 Spells                   Type           Power      Damage    Failure   Level
 Poisonous Vapours        Pois/Air       16%        N/A       30%         2
 Ignite Poison            Fire/Tmut/Pois 12%        N/A       32%         3
 Conjure Flame            Conj/Fire      1%         6-21      75%         3
 Corpse Rot               Necr/Pois/Air  6%         N/A       89%         4
 Sticky Flame             Conj/Fire      1%         2d3       98%         4


Dungeon Overview and Level Annotations

Branches:
Dungeon (8/15)             Temple (1/1) D:4           Sewer (visited)
   Lair: D:8-11

Altars:
Ashenzari
Dithmenos
Elyvilon
Fedhas
Hepliaklqana
Kikubaaqudgha
Makhleb
Nemelex Xobeh
Okawaru
Qazlal
Ru
Sif Muna
Trog
Uskayaw
Vehumet
Wu Jian
Xom
Zin
The Shining One

Shops:
D:5 *   D:7 !

Annotations:
D:6 Maggie


Innate Abilities, Weirdness & Mutations

You are a venomous arachnid creature.
You have poisonous fangs.
You are tiny and dextrous.
Your spellcasting is less reliable in this form.
((You have sharp claws.))
((You have razor-sharp teeth.))
You have supernaturally acute eyesight. (SInv)
((You cover ground quickly. (Speed+)))
((You are covered in thick fur. (AC +2)))
((Your paws help you pounce on unaware monsters.))
You are incapable of wielding weapons or throwing items.
You cannot wear armour.
You gain extra lives every three experience levels.


Message History

Your Ice Magic skill increases to level 3!
Your Invocations skill increases to level 4!
You scratch the necrophage. You headbutt the necrophage!
You destroy the necrophage!
A gnoll sergeant comes into view. It is wielding a +0 spear.
The bullfrog completely misses you.
A centaur comes into view.
You see here a necrophage corpse.
The centaur shouts!
You claw the bullfrog!
You kill the bullfrog!
The gnoll sergeant barely misses you.
Casting: Beastly Appendage (safe; 1% risk of failure)
Confirm with . or Enter, or press ? or * to list all spells.
Your horns disappear.
You turn into a venomous arachnid creature.
The gnoll sergeant misses you.
You completely miss the gnoll sergeant. The centaur closely misses you. x2
The gnoll sergeant completely misses you.
The centaur hits you. The centaur completely misses you.
You hit the gnoll sergeant.
The gnoll sergeant is poisoned.
The gnoll sergeant is lightly wounded.
The gnoll sergeant hits you with a +0 spear!
The centaur hits you. The centaur closely misses you.
You hit the gnoll sergeant but do no damage.
The gnoll sergeant is lightly wounded.
The centaur closely misses you. x2
The gnoll sergeant hits you with a +0 spear!
* * * LOW HITPOINT WARNING * * *
The gnoll sergeant attacks as you move away!
The gnoll sergeant barely misses you.
The centaur wields a +0 shortbow.
The centaur shoots an arrow.
The arrow completely misses you.
The gnoll sergeant hits you but does no damage.
The centaur shoots an arrow.
The arrow hits you!
* * * LOW HITPOINT WARNING * * *
The centaur unwields a +0 shortbow.
The centaur misses you. The centaur barely misses you.
The gnoll sergeant hits you with a +0 spear!
You die...
Your body disappears without a glow.

(..........[<.......,,,,,,,,,,...
.......(...[........,,,,,,*,,,.##
......[.........####***,,,*,,,,*#
.......†......$.#### *,***,,,,*#
...........[.......# *,,**,,,,*#
............##.....# **,**,,,,**
............##.....#*###.********
............##.)...#.....,,,,,,**
........[...##..s........,,,,,,**
............####cg.......*,,,,,**
######.###### #..#....#.*,*,,,**
#.# ##.##....#**,,,,** *,*
#.#*#####,**,,,** *,**
*#..,,,,,,,,,**,** *,,*
*..#******,**,,,** ** **,*
*..#*,,,,***,,,*,, ,** *,*
*..#,,,,*,*,*,,*,,


You could see a gnoll sergeant (very poisoned) and a centaur.

Vanquished Creatures
  A deep elf pyromancer (D:7)
  An ice beast (D:6)
  2 ogres
  A phantom (D:5)
  A kobold brigand (Sewer)
  A bullfrog (D:7)
  5 necrophages
  4 scorpions
  7 wights (D:7)
  2 howler monkeys
  2 hounds
  2 orc priests
  2 jellies (D:6)
  6 iguanas
  An orc wizard (D:6)
  12 gnolls
  9 adders
  4 river rats (Sewer)
  A white imp (D:6)
  2 ufetubi
  2 dart slugs
  12 orcs
  5 ball pythons
  2 bats
  6 endoplasms
  2 giant cockroaches
  12 hobgoblins
  2 jackals (Sewer)
  6 quokkas
  5 frilled lizards
  14 goblins
  11 kobolds
  12 rats
157 creatures vanquished.

Vanquished Creatures (others)
  3 plants (D:1)
3 creatures vanquished.

Grand Total: 160 creatures vanquished

Notes
Turn   | Place    | Note
-------+----------+-------------------------------------------
     0 | D:1      | Garessta the Felid Transmuter began the quest for the Orb.
     0 | D:1      | Reached XP level 1. HP: 9/9 MP: 4/4
   324 | D:1      | Reached XP level 2. HP: 5/12 MP: 4/6
   327 | D:1      | Learned a level 2 spell: Wereblood
   592 | D:1      | Found a faded altar of an unknown god.
  1300 | D:2      | Reached XP level 3. HP: 14/15 MP: 5/7
  1387 | D:2      | Learned a level 3 spell: Spider Form
  1531 | D:2      | Reached skill level 4 in Unarmed Combat
  1541 | D:2      | Reached XP level 4. HP: 19/19 MP: 5/8
  3266 | D:3      | Reached skill level 1 in Poison Magic
  3266 | D:3      | Identified the +2 falchion "Oproa" {venom, Will+ rCorr
                  | Int+4}
  3276 | D:3      | Reached XP level 5. HP: 22/22 MP: 9/9
  3740 | D:4      | Noticed an ogre
  3749 | D:4      | Slain by an ogre
  3750 | D:4      | Reached XP level 4. HP: -4/19 MP: 8/8
  3789 | D:4      | Found a staircase to the Ecumenical Temple.
  3810 | Temple   | Entered the Ecumenical Temple
  4010 | Temple   | Became a worshipper of Nemelex Xobeh the Trickster
  4257 | D:4      | Noticed a necrophage
  4268 | D:4      | Killed a necrophage
  4269 | D:4      | Reached XP level 5. HP: 11/22 MP: 9/9
  4518 | D:4      | Reached skill level 1 in Invocations
  4571 | D:4      | Killed an ogre
  4572 | D:4      | Gained mutation: You are covered in thick fur. (AC +2)
                  | [Felid growth]
  4572 | D:4      | Reached XP level 6. HP: 27/27 MP: 10/10
  5582 | D:5      | Entered Level 5 of the Dungeon
  5629 | D:5      | Found Purchaso's Mass Market.
  5672 | D:5      | Reached * piety under Nemelex Xobeh
  5676 | D:5      | Reached skill level 5 in Transmutations
  5676 | D:5      | Reached XP level 7. HP: 5/30 MP: 11/11
  5923 | D:5      | Learned a level 4 spell: Ice Form
  5970 | D:5      | Received a gift from Nemelex Xobeh
  6226 | D:5      | Reached skill level 5 in Unarmed Combat
  6424 | D:5      | Reached skill level 1 in Ice Magic
  6704 | D:5      | Reached XP level 8. HP: 32/34 MP: 12/12
  6843 | D:6      | Found a glowing drain.
  6855 | Sewer    | Entered a sewer
  7008 | Sewer    | Found a glowing silver altar of Zin.
  7196 | D:6      | Reached ** piety under Nemelex Xobeh
  7219 | D:6      | Reached skill level 6 in Unarmed Combat
  7365 | D:6      | Noticed Maggie
  7366 | D:6      | Noticed Maggie
  7366 | D:6      | Maggie changed into Maggie the golden eye
  7910 | D:6      | Found a stormy altar of Qazlal.
  7918 | D:6      | Found a bloodstained altar of Trog.
  8104 | D:7      | Slain by a wight
  8105 | D:7      | Reached XP level 7. HP: 0/29 MP: 11/11
  8131 | D:7      | Reached XP level 8. HP: 26/36 MP: 10/12
  8224 | D:7      | Found Acoegun's Distillery.
  8258 | D:7      | Noticed a deep elf pyromancer
  8266 | D:7      | Killed a deep elf pyromancer
  8267 | D:7      | Reached skill level 7 in Unarmed Combat
  8279 | D:7      | Mangled by a gnoll sergeant

Illustrated notes

Levels and vault maps discovered:
D:1:      lightli_arrival_statuegarden, layout_rooms, serial_bayou,
          serial_bayou_lake_a, serial_bayou_lagoon_b, serial_bayou_shore_b,
          serial_bayou_shore_a, hellmonk_ecumenical_altar_run_dry,
          minmay_quantized
D:2:      layout_basic
D:3:      layout_loops_corners, minmay_goblin_outpost
D:4:      layout_loops_ring, temple_pool_b
D:5:      kennysheep_spiral_hall, layout_basic, minmay_shop_mass
D:6:      layout_loops_cross, amethyst_overflow_temple_binary,
          portal_sewer_entry_b, uniq_maggie
D:7:      cheibrodos_wizards_tower, layout_basic, enter_bailey_3, serial_shops,
          nicolae_take_the_stairs, minmay_manual_monstrance
D:8:      layout_layer_cave, jmf_multi_god_temple, serial_shops,
          nicolae_shop_stone
Temple:   bh_familiar_temple

Skill      XL: |  1  2  3  4  5  6  7  8 |
---------------+-------------------------+-----
Unarmed Combat | 4 5 7 |  7.3
Transmutations | 3 4 5 6 |  6.4
Poison Magic   | 1 2 3 4 |  4.5
Fighting       | 2 3 4 |  4.7
Invocations    | 1 2 4 |  4.1
Ice Magic      | 1 3 |  3.2
Dodging        | |  2.6
Stealth        | |  0.8
Spellcasting   | |  2.3

Action                   |  1- 3 |  4- 6 |  7- 9 || total
-------------------------+-------+-------+-------++-------
Melee: Unarmed           |    79 |   147 |   221 ||   447
       Headbutt          |    12 |    25 |    26 ||    63
       Bite              |     6 |     6 |    13 ||    25
       Punch             |     1 |     4 |     6 ||    11
 Cast: Beastly Appendage |    18 |    32 |    25 ||    75
       Wereblood         |     1 |     7 |     2 ||    10
       Spider Form       |       |     5 |    13 ||    18
Invok: Draw Destruction  |       |       |     8 ||     8
  Use: Scroll            |       |     1 |    10 ||    11
       Potion            |       |     1 |     1 ||     2
 Stab: Sleeping          |     2 |     6 |     2 ||    10
       Distracted        |       |       |     1 ||     1
Armor: Skin              |     2 |     3 |     6 ||    11
Dodge: Dodged            |    45 |    82 |   141 ||   268

Table legend: (Time is in decaauts)
 A = Elapsed time spent in this place.
 B = Non-inter-level travel time spent in this place.
 C = Inter-level travel time spent in this place.
 D = Time resting spent in this place.
 E = Time spent auto-exploring this place.
 F = Levels seen in this place.
 G = Mean time per level.
                   A        B        C        D        E       F      G
               +--------+--------+--------+--------+--------+-----+--------+
         Total |   7458 |   7165 |    293 |   1610 |   3879 |  10 |  745.8 |
       Dungeon |   7014 |   6736 |    278 |   1597 |   3641 |   8 |  876.8 |
        Temple |    173 |    159 |     14 |      0 |    129 |   1 |  173.0 |
         Sewer |    270 |    270 |      0 |     13 |    108 |   1 |  270.0 |
               +--------+--------+--------+--------+--------+-----+--------+

Top non-repeatable levels by time:
     D:1: 1433 daAuts
     D:3: 1296 daAuts
     D:4: 1219 daAuts
     D:5: 1098 daAuts
     D:2: 919 daAuts
     D:6: 861 daAuts
   Sewer: 270 daAuts
     D:7: 184 daAuts
  Temple: 173 daAuts
     D:8: 1 daAuts
